 Dungeon Crawl Stone Soup version 0.22.1-6-g1668fe2 (webtiles) character file.

4290 Tiagovsky the Blocker (level 10, -2/139 HPs)
             Began as a Minotaur Fighter on Jan 20, 2019.
             Was a Follower of Ru.
             Killed from afar by Erica (6 damage)
             ... with a bolt of poison
             ... on level 10 of the Dungeon.
             The game lasted 00:29:55 (8707 turns).

Tiagovsky the Blocker (Minotaur Fighter)            Turns: 8707, Time: 00:29:56

Health: -2/139     AC: 25    Str: 24    XL:     10   Next: 11%
Magic:  12/12      EV:  2    Int: 12    God:    Ru [*.....]
Gold:   551        SH: 12    Dex: 10    Spells: 9/9 levels left

rFire    . . .     SeeInvis .   e - +3 war axe of the Wasteland {holy, rPois}
rCold    . . .     Gourm    .   c - +0 shield
rNeg     + + +     Faith    .   (armour currently unavailable)
rPois    +         Spirit   .   (helmet currently unavailable)
rElec    .         Reflect  .   (cloak currently unavailable)
rCorr    .         Harm     .   (gloves currently unavailable)
MR       .....     NoTele   +   (boots currently unavailable)
Stlth    +.........             I - amulet of Gebbie {Regen+ Int+7}
HPRegen  0.73/turn              t - +5 ring of evasion
MPRegen  0.13/turn              (no ring)

@: tree-form
A: (retaliatory headbutt), hated by all
a: Renounce Religion


You were on level 10 of the Dungeon.
You worshipped Ru.
Ru was aware of your devotion.
You were not hungry.
You were a tree.
You visited 2 branches of the dungeon, and saw 11 of its levels.
You also visited: Sewer.

You collected 551 gold pieces.

Inventory:

Hand Weapons
 e - the +3 war axe of the Wasteland (weapon) {holy, rPois}
   (You found it on level 8 of the Dungeon)

   It has been blessed by the Shining One to cause great damage to the undead
   and demons.
   It protects you from poison.
 A - a +2 short sword of venom
 E - a +2 falchion of protection
 H - a +1 flail of holy wrath
Missiles
 j - 225 stones
 x - 6 tomahawks
 y - a throwing net
 B - 7 javelins (quivered)
 G - 5 tomahawks of returning
Armour
 c - a +0 shield (worn)
 v - a +1 cloak (melded)
 w - a +0 pair of boots (melded)
 M - a +0 plate armour of cold resistance (melded)
Magical Staves
 D - an uncursed staff of fire
Jewellery
 n - the ring "Osmofume" {Slay+3 Stlth+, unknown}
   (You found it on level 9 of the Dungeon)

   [ring of stealth]

   It affects your accuracy and damage with ranged weapons and melee attacks
   (+3).
   It makes you more stealthy.
 t - a +5 ring of evasion (left branch)
 I - the amulet of Gebbie (around neck) {Regen+ Int+7}
   (You found it in a sewer)

   [amulet of regeneration]

   It affects your intelligence (+7).
   It increases your rate of regeneration.
 L - an uncursed ring of ice
Wands
 a - a wand of acid (9)
 q - a wand of random effects (19)
 C - a wand of paralysis (9)
 K - a wand of digging (10)
Scrolls
 h - 6 scrolls of teleportation
 i - a scroll of amnesia
 k - 6 scrolls of identify
 m - 3 scrolls of enchant armour
 p - 6 scrolls of remove curse
 r - 3 scrolls of immolation
Potions
 d - 3 potions of might
 g - a potion of cancellation
 l - a potion of brilliance
 o - a potion of resistance {unknown}
 s - 3 potions of haste
 u - a potion of flight
 z - 2 potions of berserk rage
 F - 2 potions of ambrosia
 J - a potion of agility
 N - a potion of invisibility {unknown}
Comestibles
 f - 12 rations


   Skills:
 + Level 10.0 Fighting
 + Level 4.6(6.1) Axes
 + Level 6.1(6.8) Maces & Flails
 - Level 8.0 Armour
 + Level 10.0 Shields
 - Level 4.0 Evocations


You had 9 spell levels left.
You didn't know any spells.
Your spell library contained the following spells:

 Spells                   Type           Power        Failure   Level  Hunger
 Beastly Appendage        Tmut           #.....       52%         1    ##.....
 Corona                   Hex            #......      52%         1    ##.....
 Ensorcelled Hibernation  Hex/Ice        #.....       67%         2    ###....
 Sticks to Snakes         Tmut           #.......     67%         2    ###....
 Confuse                  Hex            #.......     88%         3    ####...
 Dazzling Spray           Conj/Hex       #.....       88%         3    ####...
 Spider Form              Tmut/Pois      #.........   88%         3    ####...
 Tukima's Dance           Hex            #.......     88%         3    ####...
 Ice Form                 Ice/Tmut       #.......     99%         4    #####..
 Blade Hands              Tmut           #.........   100%        5    ######.
 Summon Small Mammal      Summ           Unusable     N/A         1    N/A
 Call Imp                 Summ           Unusable     N/A         2    N/A
 Call Canine Familiar     Summ           Unusable     N/A         3    N/A
 Summon Guardian Golem    Hex/Summ       Unusable     N/A         3    N/A
 Summon Ice Beast         Ice/Summ       Unusable     N/A         4    N/A
 Summon Lightning Spire   Summ/Air       Unusable     N/A         4    N/A

Dungeon Overview and Level Annotations

Branches:
Dungeon (10/15)            Temple (1/1) D:4            Lair (0/6) D:8
    Orc (0/2) D:9

Altars:
Ashenzari
Cheibriados
Dithmenos
Elyvilon
Fedhas
Gozag
Hepliaklqana
Kikubaaqudgha
Makhleb
Nemelex Xobeh
Okawaru
Qazlal
Ru
Sif Muna
Trog
Uskayaw
Vehumet
Wu Jian
Xom
Yredelemnul
Zin
The Shining One
Beogh

Shops:
D:5 [

Annotations:
D:9 1 runed door, Defined's ghost, novice DsMo
D:10 Erica


Innate Abilities, Weirdness & Mutations

((You reflexively headbutt those who attack you in melee.))
((You have a pair of horns on your head.))
You are hated by all.


Message History

You hit something but do no damage. You miss the sky beast.
Something hits you but does no damage. The sky beast barely misses you.
You barely miss something. You hit the sky beast. The sky beast hits you.
* * * LOW HITPOINT WARNING * * *
The sky beast shocks you.
* * * LOW HITPOINT WARNING * * *
Something hits you.
* * * LOW HITPOINT WARNING * * *
Something burns you.
* * * LOW HITPOINT WARNING * * *
The sky beast hits you but does no damage.
Okay, then.
You cannot teleport because you are held in place by your roots.
Unknown command.
You barely miss something. You closely miss the sky beast.
You are no longer corroded.
You hear some strange, mumbled words.
A bolt of poison appears from out of thin air!
The bolt of poison hits you! You resist.
You die...

##.##.........#
...##........#
≈≈.##.......#
.≈♣♣..#.......##
__.≈..#........##
♣....#####..#
.#≈§§##..#....#.#
≈.^§§.#..#<...#.#
.≈_#≈ #♣.#........
#._≈##Y{.#.........
##.##.!..#.....###.#
........#....>.. .#
...%...#....##.. .
.........#....# ##
........<######
######....


You could see a sky beast.

Vanquished Creatures
  Joseph (D:7)
  2 trolls (D:9)
  Eustachio (D:4)
  A hungry ghost (D:9)
  A water moccasin (D:6)
  Purgy (Sewer)
  A black bear (D:7)
  4 ogres
  A necrophage (D:9)
  4 orc warriors
  A phantom (D:7)
  A centaur (D:8)
  4 bullfrogs
  3 scorpions
  4 wights (D:6)
  4 howler monkeys
  A bullfrog zombie (D:5)
  3 jellies (D:9)
  A centaur zombie (D:7)
  4 orc wizards
  5 orc priests (D:9)
  Crazy Yiuf (D:2)
  5 hounds
  A centaur skeleton (D:4)
  8 worker ants
  Ijyb (D:4)
  Terence (D:2)
  4 iguanas
  A statue (D:8)
  2 hound skeletons
  7 gnolls
  6 adders
  3 shadow imps
  6 oozes
  An adder skeleton (D:5)
  3 worms
  2 dart slugs
  9 leopard geckos
  44 orcs
  2 ball pythons
  7 giant cockroaches
  5 hobgoblins
  9 jackals
  A quokka (D:3)
  9 bats
  6 frilled lizards
  8 goblins
  A jackal skeleton (D:4)
  9 kobolds
  A leopard gecko skeleton (D:4)
  6 rats
217 creatures vanquished.

Notes
Turn   | Place    | Note
-------+----------+-------------------------------------------
     0 | D:1      | Tiagovsky the Minotaur Fighter began the quest for the Orb.
     0 | D:1      | Reached XP level 1. HP: 19/19 MP: 0/0
     6 | D:1      | Noticed a black mamba
     6 | D:1      | Noticed a lindwurm
     7 | D:1      | Noticed a polar bear
     7 | D:1      | Noticed a rime drake
   365 | D:1      | Reached XP level 2. HP: 27/27 MP: 1/1
  1102 | D:2      | Noticed Terence
  1113 | D:2      | Killed Terence
  1113 | D:2      | Reached XP level 3. HP: 27/34 MP: 2/2
  1316 | D:2      | Reached XP level 4. HP: 41/41 MP: 3/3
  1497 | D:2      | Found a runed door.
  2020 | D:2      | Noticed Crazy Yiuf
  2031 | D:2      | Killed Crazy Yiuf
  2031 | D:2      | Reached skill level 5 in Fighting
  2031 | D:2      | Reached XP level 5. HP: 17/48 MP: 1/4
  2387 | D:3      | Reached skill level 5 in Shields
  2694 | D:3      | Found a white marble altar of Elyvilon.
  3140 | D:4      | Noticed an ogre
  3141 | D:4      | Noticed Eustachio
  3163 | D:3      | Killed an ogre
  3163 | D:3      | Reached skill level 1 in Evocations
  3163 | D:3      | Reached XP level 6. HP: 55/57 MP: 4/6
  3602 | D:4      | Noticed Ijyb
  3605 | D:4      | Paralysed by Ijyb for 5 turns
  3619 | D:4      | Killed Ijyb
  3619 | D:4      | Reached XP level 7. HP: 63/63 MP: 7/7
  3725 | D:4      | Found a staircase to the Ecumenical Temple.
  3743 | Temple   | Entered the Ecumenical Temple
  3895 | D:4      | Killed Eustachio
  3951 | D:5      | Entered Level 5 of the Dungeon
  4339 | D:5      | Found a glowing golden altar of the Shining One.
  4362 | D:5      | Found a deep blue altar of Sif Muna.
  4565 | D:5      | Found Tynner's Armour Emporium.
  5424 | D:6      | Reached skill level 5 in Armour
  5499 | D:6      | Reached XP level 8. HP: 73/73 MP: 9/9
  5635 | D:6      | Found a glowing drain.
  5658 | Sewer    | Entered a sewer
  5696 | Sewer    | Noticed Purgy
  5707 | Sewer    | Killed Purgy
  5721 | Sewer    | Got a coiled golden amulet
  5740 | Sewer    | Identified the amulet of Gebbie {Regen+ Int+7} (You found
                  | it in a sewer)
  6219 | D:7      | Noticed Joseph
  6271 | D:7      | Killed Joseph
  6284 | D:7      | Reached XP level 9. HP: 63/82 MP: 11/11
  6428 | D:7      | Found a sacrificial altar of Ru.
  6437 | D:7      | Became a worshipper of Ru the Awakened
  7156 | D:8      | Got a polished war axe
  7157 | D:8      | Identified the +3 war axe of the Wasteland {holy, rPois}
                  | (You found it on level 8 of the Dungeon)
  7238 | D:8      | Reached skill level 1 in Axes
  7253 | D:8      | Found an opulent altar of Gozag.
  7307 | D:8      | Found a staircase to the Lair.
  7376 | D:8      | Found a radiant altar of Vehumet.
  7693 | D:9      | Found a runed door.
  7693 | D:9      | Found a shimmering altar of Xom.
  7693 | D:9      | Noticed a morningstar of chaos
  7693 | D:9      | Noticed Defined's ghost (novice DsMo)
  7767 | D:9      | Gained mutation: You are hated by all. [Ru sacrifice]
  7767 | D:9      | Reached * piety under Ru
  7928 | D:8      | Reached skill level 5 in Maces & Flails
  8063 | D:9      | Found a roughly hewn altar of Beogh.
  8063 | D:9      | Found a staircase to the Orcish Mines.
  8199 | D:9      | Found a snail-covered altar of Cheibriados.
  8206 | D:9      | Noticed a troll
  8223 | D:9      | Killed a troll
  8354 | D:9      | Got a transparent wooden ring
  8375 | D:9      | Reached XP level 10. HP: 93/93 MP: 12/12
  8463 | D:9      | Reached skill level 10 in Shields
  8515 | D:9      | Reached skill level 10 in Fighting
  8669 | D:10     | Entered Level 10 of the Dungeon
  8681 | D:10     | Found a shimmering altar of Xom.
  8681 | D:10     | Found a shimmering altar of Xom.
  8686 | D:10     | Found a shimmering altar of Xom.
  8686 | D:10     | Found a shimmering altar of Xom.
  8686 | D:10     | Noticed Erica
  8700 | D:10     | HP: 5/139 [acid (11)]
  8706 | D:10     | HP: 6/139 [something (4)]
  8707 | D:10     | Killed from afar by Erica

Skill      XL: |  1  2  3  4  5  6  7  8  9 10 |
---------------+-------------------------------+-----
Fighting       | 4 5 6 7 8 9 10 | 10.0
Shields        | 4 5 6 7 8 9 10 | 10.0
Maces & Flails | 3 4 5 6 |  6.1
Evocations     | 1 2 3 4 |  4.0
Armour         | 4 5 7 8 |  8.0
Axes           | 4 |  4.6

Action                   |  1- 3 |  4- 6 |  7- 9 | 10-12 || total
-------------------------+-------+-------+-------+-------++-------
Melee: Flail             |    67 |       |       |       ||    67
       Headbutt          |     7 |    33 |    77 |    10 ||   127
       Falchion          |    12 |   128 |   235 |       ||   375
       Short sword       |       |    50 |     8 |       ||    58
       War axe           |       |       |   140 |    32 ||   172
Throw: Stone             |     1 |       |       |       ||     1
       Tomahawk          |       |     1 |       |       ||     1
       Javelin           |       |       |     1 |       ||     1
Invok: Sacrifice Love    |       |       |     1 |       ||     1
  Use: Scroll            |       |     3 |    16 |       ||    19
       Potion            |       |       |       |     2 ||     2
  Eat: Chunk             |     1 |     8 |    12 |     1 ||    22
       Ration            |       |       |     1 |     1 ||     2
Armor: Scale mail        |    29 |       |       |       ||    29
       Chain mail        |       |    77 |       |       ||    77
       Plate armour      |       |    15 |   196 |     9 ||   220
       Skin              |       |       |       |    10 ||    10
Dodge: Dodged            |    24 |    33 |   141 |     7 ||   205
Block: Shield            |    47 |    92 |   264 |    22 ||   425
       Rpst.: Falchion   |       |     8 |    17 |       ||    25
